 Dungeon Crawl Stone Soup version 0.13.1-28-g3517093 (console) character file.

3946 Messenger the Cleaver (level 10, -2/86 HPs)
             Began as a Hill Orc Berserker on Mar 15, 2014.
             Was an Elder of Trog.
             Slain by an orc warrior
             ... wielding a -1,+0 orcish long sword
              (10 damage)
             ... on Level 1 of the Orcish Mines.
             The game lasted 00:23:07 (2648 turns).

Messenger the Cleaver (Hill Orc Berserker)          Turns: 2648, Time: 00:23:07

HP  -2/86        AC  9     Str 21      XL: 10   Next: 10%
MP   9/9         EV  6     Int  7      God: Trog [****..]
Gold 348         SH  0     Dex 13      Spells:  0 memorised,  9 levels left

Res.Fire  : . . .   See Invis. : .   y - +2,+3 orc war axe (freeze)
Res.Cold  : + . .   Warding    : .   a - +0 orc plate armour (curse)
Life Prot.: + . .   Conserve   : .   (no shield)
Res.Poison: .       Res.Corr.  : .   (no helmet)
Res.Elec. : .       Clarity    : .   (no cloak)
Sust.Abil.: . .     Spirit.Shd : .   (no gloves)
Res.Mut.  : .       Stasis     : .   (no boots)
Res.Rott. : .       Flight     : .   (no amulet)
Saprovore : + . .                    b - ring of positive energy
                                     r - ring of protection from cold

@: exhausted, slowed, very slow, somewhat resistant to hostile enchantments,
extremely unstealthy
A: hooves 1, deformed body, deterioration 1, saprovore 1, spit poison 1
a: Spit Poison, Burn Spellbooks, Berserk, Trog's Hand, Brothers in Arms,
Renounce Religion


You were on level 1 of the Orcish Mines.
You worshipped Trog.
Trog was greatly pleased with you.
You were very hungry.

You visited 2 branches of the dungeon, and saw 10 of its levels.

You collected 328 gold pieces.

Inventory:

Hand weapons
 o - a +0,+1 dwarven war axe
 y - a +2,+3 orcish war axe of freezing (weapon)
Armour
 a - a cursed +0 orcish plate armour (worn)
 k - a +1 scale mail of poison resistance
Magical devices
 g - a wand of paralysis (0) {unknown}
 n - a wand of magic darts (2)
 p - a wand of cold (0)
 s - a wand of polymorph (6)
Comestibles
 c - 5 meat rations
 d - 4 bread rations
 h - a chunk of orc flesh
Scrolls
 i - a scroll of recharging {unknown}
 j - 2 scrolls of enchant armour {unknown}
 m - a scroll of fog
 u - a scroll of curse weapon {unknown}
 x - a scroll of teleportation {unknown}
Jewellery
 b - a ring of positive energy (right hand)
 l - an uncursed ring of sustain abilities
 r - a ring of protection from cold (left hand)
Potions
 f - a potion of restore abilities
 v - a potion of berserk rage
 w - a potion of curing


   Skills:
 + Level 9.4 Fighting
 * Level 13.1 Axes
 + Level 7.9 Armour
 - Level 1.5 Dodging


You had 9 spell levels left.
You didn't know any spells.

Dungeon Overview and Level Annotations

Branches:
Dungeon (8/27)                Orc (2/4) D:7
 Temple: D:4-7         Lair: D:8-13

Altars:
Sif Muna
Beogh


Innate Abilities, Weirdness & Mutations

You can tolerate rotten meat.
You have large cloven feet.
Armour fits poorly on your strangely shaped body.
Your body is slowly deteriorating.
You can spit poison.


Message History

Read which item? (? for menu, Esc to quit)
Okay, then.
Unknown command.
Read which item? (? for menu, Esc to quit)
As you read the scroll labeled MUXZIR KLITAIT, it crumbles to dust.
Use on which item? (\ to view known items) (? for menu, Esc to quit)
Nothing appears to happen.
The orc warrior barely misses you.
The orc warrior hits you with an orcish long sword!
* * * LOW HITPOINT WARNING * * *
Use which ability? (? or * to list)
Okay, then.
Unknown command.
Use which ability? (? or * to list)
You fail to use your ability.
The orc warrior hits you but does no damage.
Use which ability? (? or * to list)
Your two-headed ogre goes berserk!
You feel somewhat more hungry.
The orc warrior hits you with an orcish long sword!
You die...

......# ##
##....##
##.##......#
#$..#..)...##
##...)>%....###
#....[[).$.....
##..))).#.#....
#....).......
#..)@........
#....o.......#
##.#.O.......
#....#.#$.##.
##......###
#....)## ....
.. #... .# . #


You could see an orc warrior and a friendly two-headed ogre (berserk).

Vanquished Creatures
  4 polar bears (D:8)
  A yak (D:8)
  2 hungry ghosts (D:7)
  A hippogriff (D:7)
  A hill giant zombie (D:7)
  2 wolves (D:8)
  An ice beast (D:8)
  An orc warrior (Orc:2)
  A giant goldfish (D:8)
  3 ogres
  A deep dwarf (D:6)
  A phantom (D:7)
  A warg (Orc:1)
  A jelly (D:6)
  A hound (D:6)
  9 orc priests
  A quasit (D:8)
  2 iguanas
  10 orc wizards
  3 worker ants
  2 ogre zombies (D:7)
  6 adders
  A giant mite (D:5)
  4 gnolls (D:4)
  An inept item mimic (D:2)
  A worker ant simulacrum (D:8)
  A scorpion zombie (D:6)
  An iguana skeleton (D:7)
  An iguana zombie (D:7)
  An adder simulacrum (D:8)
  2 giant geckos
  46 orcs
  5 bats
  3 giant cockroaches
  6 hobgoblins
  3 jackals (D:2)
  7 kobolds
  A quokka (D:3)
  A ball python (D:2)
  3 giant newts
  4 goblins
  2 goblin zombies (D:7)
  A hobgoblin simulacrum (D:8)
  3 hobgoblin zombies (D:7)
  A kobold skeleton (D:6)
  A kobold zombie (D:5)
  4 orc skeletons (D:7)
  10 orc zombies
  7 rats
176 creatures vanquished.

Notes
Turn   | Place    | Note
--------------------------------------------------------------
     0 | D:1      | Messenger, the Hill Orc Berserker, began the quest for the Orb.
     0 | D:1      | Reached XP level 1. HP: 19/19 MP: 0/0
   127 | D:2      | Reached XP level 2. HP: 23/26 MP: 1/1
   213 | D:2      | Reached XP level 3. HP: 13/33 MP: 2/2
   329 | D:3      | Reached skill level 5 in Axes
   446 | D:3      | Acquired Trog's second power
   550 | D:4      | Noticed an ogre
   558 | D:4      | Killed an ogre
   558 | D:4      | Reached skill level 6 in Axes
   558 | D:4      | Reached XP level 4. HP: 11/40 MP: 3/3
   558 | D:4      | Reached XP level 5. HP: 12/46 MP: 4/4
   658 | D:3      | Gained mutation: Armour fits poorly on your strangely shaped body. [potion of mutation]
   658 | D:3      | Gained mutation: Your body is slowly deteriorating. [potion of mutation]
   658 | D:3      | Lost mutation: Your body is slowly deteriorating. [potion of mutation]
   666 | D:4      | Reached skill level 5 in Fighting
   789 | D:4      | Reached XP level 6. HP: 53/53 MP: 5/5
   845 | D:4      | Reached skill level 7 in Axes
   931 | D:5      | Entered Level 5 of the Dungeon
  1014 | D:6      | Noticed Prince Ribbit
  1020 | D:6      | Noticed Prince Ribbit
  1020 | D:6      | Prince Ribbit changed into Prince Ribbit the deep dwarf
  1029 | D:6      | Killed Prince Ribbit the deep dwarf
  1069 | D:6      | Reached XP level 7. HP: 41/60 MP: 6/6
  1168 | D:6      | Reached skill level 8 in Axes
  1326 | D:5      | Gained mutation: You have large cloven feet. [potion of mutation]
  1326 | D:5      | Gained mutation: You can spit poison. [potion of mutation]
  1326 | D:5      | Gained mutation: Your body is slowly deteriorating. [potion of mutation]
  1462 | D:6      | Found a deep blue altar of Sif Muna.
  1618 | D:8      | Noticed a polar bear
  1618 | D:8      | Noticed a yak
  1618 | D:8      | Noticed a polar bear
  1626 | D:8      | Killed a polar bear
  1626 | D:8      | Reached skill level 5 in Armour
  1627 | D:8      | Killed a yak
  1627 | D:8      | Reached skill level 9 in Axes
  1627 | D:8      | Reached XP level 8. HP: 58/69 MP: 7/7
  1629 | D:8      | Killed a polar bear
  1631 | D:8      | Reached skill level 10 in Axes
  1749 | D:8      | Noticed a polar bear
  1760 | D:8      | Killed a polar bear
  1760 | D:8      | Reached skill level 11 in Axes
  1760 | D:8      | Reached XP level 9. HP: 58/77 MP: 8/8
  1967 | D:8      | Noticed a polar bear
  1978 | D:8      | Killed a polar bear
  2077 | D:7      | Noticed a hippogriff
  2093 | D:7      | Killed a hippogriff
  2275 | D:7      | Found a staircase to the Orcish Mines.
  2275 | D:7      | Noticed a hungry ghost
  2276 | D:7      | Noticed a hungry ghost
  2309 | D:7      | Killed a hungry ghost
  2309 | D:7      | Reached skill level 12 in Axes
  2404 | D:7      | Killed a hungry ghost
  2439 | Orc:1    | Entered Level 1 of the Orcish Mines
  2439 | Orc:1    | Found a roughly hewn altar of Beogh.
  2524 | Orc:2    | Reached XP level 10. HP: 86/86 MP: 9/9
  2533 | Orc:2    | Acquired Trog's third power
  2633 | Orc:1    | Reached skill level 13 in Axes
  2648 | Orc:1    | Slain by an orc warrior

Action                   |  1- 3 |  4- 6 |  7- 9 | 10-12 || total
-------------------------+-------+-------+-------+-------++-------
Melee: Hand axe          |    85 |    89 |    67 |       ||   241
       War axe           |       |       |   153 |    27 ||   180
Invok: Berserk           |     3 |     3 |    11 |     1 ||    18
       Trog's Hand       |       |     4 |    10 |       ||    14
       Brothers in Arms  |       |       |       |     1 ||     1
Evoke: Wand              |       |     8 |       |     3 ||    11
  Use: Scroll            |       |     6 |     3 |     1 ||    10
       Potion            |       |     4 |     2 |       ||     6
 Stab: Invisible         |       |       |     3 |       ||     3
